 Dungeon Crawl Stone Soup version 0.22.1-2-g9c5b331383 (webtiles) character file.

124 Jynx the Sneak (level 4, 0/31 HPs)
             Began as a Spriggan Enchanter on Dec 23, 2018.
             Succumbed to an orc wizard's poison
             ... on level 3 of the Dungeon.
             The game lasted 00:03:34 (3034 turns).

Jynx the Sneak (Spriggan Enchanter)                 Turns: 3034, Time: 00:03:35

Health: 0/31       AC: 22    Str:  4    XL:     4   Next: 81%
Magic:  10/10      EV:  4    Int: 16    God:
Gold:   78         SH:  0    Dex: 17    Spells: 4/10 levels left

rFire    . . .     SeeInvis +   a - +2 dagger
rCold    . . .     Gourm    .   (shield restricted)
rNeg     + + +     Faith    .   (armour currently unavailable)
rPois    +         Spirit   .   (helmet currently unavailable)
rElec    .         Reflect  .   (cloak currently unavailable)
rCorr    .         Harm     .   (gloves unavailable)
MR       .....     Rnd*Rage +   (boots unavailable) Stlth +++.......NoTele +
                                (no amulet)
HPRegen  0.10/turn              (no ring)
MPRegen  0.12/turn              (no ring)

@: lethally poisoned (0 -> -2), tree-form
A: very small, unfitting armour, see invisible, berserk 1, deterioration 1,
herbivore, slow metabolism 2
a: no special abilities


You were on level 3 of the Dungeon.
You were hungry.
You were a tree.
You visited 1 branch of the dungeon, and saw 3 of its levels.

You collected 78 gold pieces.

Inventory:

Hand Weapons
 a - a +2 dagger (weapon)
Armour
 b - a +0 robe (melded)
 l - a +1 cloak of magic resistance (melded)
Jewellery
 h - an uncursed ring of ice {unknown}
Scrolls
 c - a scroll of blinking {unknown}
 g - a scroll of enchant armour {unknown}
 i - 2 scrolls of random uselessness {unknown}
 m - a scroll of identify {unknown}
Potions
 k - a potion of might {unknown}
 n - a potion of agility {unknown}
Comestibles
 d - 3 rations


   Skills:
 + Level 2.2 Short Blades
 + Level 4.1 Dodging
 + Level 5.2 Stealth
 + Level 3.5 Spellcasting
 * Level 4.9 Hexes


You had 4 spell levels left.
You knew the following spells:

 Your Spells              Type           Power        Failure   Level  Hunger
a - Corona                Hex            ###....      2%          1    None
b - Ensorcelled Hibernat  Hex/Ice        ##....       10%         2    ##.....
c - Confuse               Hex            ###.....     7%          3    ###....

Your spell library contained the following spells:

 Spells                   Type           Power        Failure   Level  Hunger
 Tukima's Dance           Hex            ###.....     7%          3    ###....
 Dazzling Spray           Conj/Hex       ##....       19%         3    ###....


Dungeon Overview and Level Annotations

Branches:
Dungeon (3/15)

Altars:
Wu Jian
Yredelemnul
The Shining One


Innate Abilities, Weirdness & Mutations

You are very small and have problems with some larger weapons.
You are too small for most types of armour.
You have supernaturally acute eyesight. (SInv)
You are a herbivore.
((You cover ground extremely quickly.))
You need to consume almost no food.
((You are partially covered in icy blue scales. (AC +2)))
You tend to lose your temper in combat.
Your body sometimes deteriorates upon taking damage.


Message History

You barely miss the orc.
The orc is moderately wounded.
The orc hits you with a hand axe of flaming.
* * * LOW HITPOINT WARNING * * *
The orc burns you.
* * * LOW HITPOINT WARNING * * *
You barely miss the orc.
The orc is moderately wounded.
* * * LOW HITPOINT WARNING * * *
You feel sick.
It was a potion of mutation.
You feel extremely strange.
You feel yourself wasting away.
You feel a little pissed off.
Icy blue scales grow over part of your body.
It was a potion of magic.
Magic courses through your body. The orc misses you.
It was a potion of lignification.
You turn into a tree.
Your +1 cloak of magic resistance melds into your body.
Your +0 robe melds into your body.
You feel less resistant to hostile enchantments.
Your roots penetrate the ground.
You die...

#
.####.#########
.......).oo♣..#
#####.#######.#
# #.# ###
#######.######
..#
..........(..#
#)#
.#####..####.#
#.# .. #.## #.#
#.# #. #.# #.#
#)# #. #.# #.#
#.#


You could see 2 orcs.

Vanquished Creatures
  Crazy Yiuf (D:2)
  An orc wizard (D:3)
  An ooze (D:1)
  2 worms (D:2)
  A dart slug (D:1)
  3 orcs
  8 bats
  A giant cockroach (D:1)
  5 goblins
  6 hobgoblins
  8 jackals (D:1)
  2 kobolds
  A quokka (D:2)
  A ball python (D:1)
  4 frilled lizards
  6 rats
51 creatures vanquished.

Notes
Turn   | Place    | Note
-------+----------+-------------------------------------------
     0 | D:1      | Jynx the Spriggan Enchanter began the quest for the Orb.
     0 | D:1      | Reached XP level 1. HP: 9/9 MP: 5/5
   635 | D:1      | Reached XP level 2. HP: 11/13 MP: 6/6
   667 | D:1      | Learned a level 2 spell: Ensorcelled Hibernation
   970 | D:1      | Reached XP level 3. HP: 7/16 MP: 8/8
  1478 | D:1      | Learned a level 3 spell: Confuse
  1972 | D:2      | Found a glowing golden altar of the Shining One.
  2064 | D:2      | Found a runed door.
  2086 | D:2      | Found an ornate altar of the Wu Jian Council.
  2595 | D:2      | Found a basalt altar of Yredelemnul.
  2748 | D:2      | Noticed Crazy Yiuf
  2763 | D:2      | Killed Crazy Yiuf
  2763 | D:2      | Reached skill level 5 in Stealth
  2763 | D:2      | Reached XP level 4. HP: 21/21 MP: 2/10
  3029 | D:3      | HP: 1/21 [poisoned by an orc wizard]
  3032 | D:3      | Gained mutation: Your body sometimes deteriorates upon
                  | taking damage. [potion of mutation]
  3032 | D:3      | Gained mutation: You tend to lose your temper in combat.
                  | [potion of mutation]
  3032 | D:3      | Gained mutation: You are partially covered in icy blue
                  | scales. (AC +2) [potion of mutation]
  3034 | D:3      | Succumbed to an orc wizard's poison

Skill      XL: |  1  2  3  4 |
---------------+-------------+-----
Hexes          | 4 |  4.9
Spellcasting   | 3 |  3.5
Short Blades   | 2 |  2.2
Stealth        | 5 |  5.2
Dodging        | 4 |  4.1

Action                   |  1- 3 |  4- 6 || total
-------------------------+-------+-------++-------
Melee: Dagger            |   202 |    36 ||   238
 Cast: Ensorcelled Hiber |     5 |       ||     5
       Confuse           |       |     2 ||     2
  Use: Scroll            |     2 |       ||     2
       Potion            |       |     3 ||     3
 Stab: Sleeping          |    14 |     1 ||    15
       Confused          |       |     1 ||     1
Armor: Robe              |    13 |     3 ||    16
Dodge: Dodged            |   171 |    21 ||   192
